Map: Blueshift LE

Players

MaSa

  • Race: Terran Terran
  • Spawn Location: 7:00

ShaDoWn - Winner!

  • Race: Protoss Protoss
  • Spawn Location: 1:00

Event: WCS Montreal 2018

VOD

Have the link to the VOD?

Description

Time

  • Played on: Sept. 7, 2018, 6:37 p.m.
  • Length: 6:07

All games in this series

Show
View Real Time Build Order
Export as new Build Order

MaSa Terran 

Build Orders:  

Get SALT Encoding   

  12  0:00  SCV  
  13  0:13  Supply Depot  
  13  0:18  SCV  
  14  0:30  SCV  
  15  0:39  Barracks  
  15  0:43  Refinery  
  15  0:47  SCV  
  16  0:53  Refinery  
  16  0:59  SCV  
  17  1:11  SCV  
  18  1:26  Reaper, Orbital Command  
  18  1:31  Bunker  
  19  1:46  Factory  
  19  1:52  SCV  
  20  1:57  Marine  
  21  2:05  Supply Depot  
  21  2:09  SCV  
  22  2:21  SCV  
  23  2:26  Marine  
  24  2:33  SCV  
  24  2:34  Factory Reactor, Supply Depot  
  25  2:44  Marine  
  25  2:45  SCV  
  27  2:57  SCV  
  28  3:02  Starport  
  27  3:09  SCV  
  27  3:10  Cyclone  
  31  3:17  Cyclone  
  29  3:31  SCV  
  28  3:38  Starport Tech Lab  
  28  3:43  SCV  
  28  3:45  Widow Mine  
  31  3:55  Cyclone  
  34  3:58  SCV  
  35  4:04  Cloaking Field  
  35  4:10  SCV  
  35  4:16  Supply Depot  
  36  4:19  Banshee  
  39  4:33  Supply Depot  
  39  4:38  SCV  
  40  4:49  Cyclone  
  40  4:50  SCV  
  43  5:02  SCV  
  31  5:36  SCV  
Show
View Real Time Build Order
Export as new Build Order

ShaDoWn Protoss - Winner!

Build Orders: Oracle Opening 

Get SALT Encoding   

  12  0:00  Probe  
  13  0:12  Probe  
  14  0:17  Pylon  
  14  0:24  Probe  
  15  0:32  Probe  
  15  0:37  Gateway  
  15  0:40  Probe  
  16  0:46  Assimilator  
  17  0:51  Probe  
  18  0:58  Assimilator  
  18  1:03  Probe  
  19  1:15  Probe  
  20  1:21  Pylon  
  20  1:25  Cybernetics Core  
  20  1:27  Probe  
  21  1:39  Probe  
  22  1:51  Probe  
  22  1:53  Adept  
  23  1:55  Warp Gate  
  23  2:01  Stargate  
  23  2:03  Probe  
  24  2:16  Probe  
  24  2:28  Probe  
  25  2:35  Oracle  
  27  2:53  Gateway, Probe  
  27  2:54  Gateway  
  27  3:05  Probe  
  28  3:15  Pylon  
  28  3:18  Probe  
  29  3:32  Pylon  
  29  3:33  Oracle  
  32  3:34  Probe  
  33  3:57  Stalker  
  33  3:58  Stalker x2  
  39  4:04  Pylon  
  39  4:21  Stalker x3  
  45  4:47  Stalker x3  
  51  5:08  Pylon  
  51  5:12  Stalker x2  
  55  5:19  Shield Battery  
  42  5:30  Probe  
  42  5:35  Stalker x3  
  34  5:58  Stalker x2  
  34  5:59  Stalker  
Tags
 
Add a new tag
Caveats
  • Supply blocks, unpowered buildings, or Contaminate may cause inaccurate times.
  • Supply counts are checked every 10 seconds.